 Dungeon Sprint DCSS version 0.23.0-2-g0fe3ce5 (webtiles) character file.

Game seed: 15969832284258039421

433 nuthulu the Blocker (level 7, -20/67 HPs)
             Began as a Naga Fighter on Feb 19, 2019.
             Was a Priest of Cheibriados.
             Killed from afar by Esuduara the pandemonium lord (45 damage)
             ... with a freezing blast
             ... in the Dungeon (Sprint V: "Ziggurat Sprint").
             The game lasted 00:01:59 (193 turns).

nuthulu the Blocker (Naga Fighter)                   Turns: 193, Time: 00:02:00

Health: -20/67     AC: 24    Str: 44    XL:     7   Next: 0%
Magic:  12/12      EV:  6    Int: 16    God:    Cheibriados [***...]
Gold:   0          SH: 33    Dex: 22    Spells: 13/13 levels left

rFire    . . .     SeeInvis +   h - +14 obsidian axe {chop, +Fly SInv *Curse} (curse)
rCold    . . .     Gourm    .   o - +18 shield of the Gong {rElec rN+ MR+ EV-5}
rNeg     + . .     Faith    .   j - +15 Maxwell's patent armour {-Cast -Tele rElec MR+ rCorr}
rPois    +         Spirit   .   (no helmet)
rElec    +         Reflect  .   (no cloak)
rCorr    +         Harm     .   (no gloves)
MR       ++...     NoTele   +   (no barding) Stlth ..........NoCast +
                                (no amulet)
HPRegen  0.21/turn              D - +6 ring of strength
MPRegen  0.13/turn              E - +6 ring of strength

@: mighty, agile, mesmerised, very slightly contaminated, invisible, very slow
A: large, see invisible, deformed body, poison resistance, slowness 2, slow
metabolism 1, spit poison 1, AC +2
a: Spit Poison, Bend Time, Temporal Distortion, Renounce Religion, Evoke Flight


You were in the Dungeon.
You worshipped Cheibriados.
Cheibriados was most pleased with you.
You were not hungry.

You visited 1 branch

Inventory:

Hand Weapons
 a - a +0 war axe
 h - the cursed +14 obsidian axe (weapon) {chop, +Fly SInv *Curse}
   (You found it in the Dungeon)

   It inflicts extra damage upon your enemies.
   It lets you see invisible.
   It lets you fly.
   It curses itself when equipped.
   It has a curse placed upon it.
Armour
 b - a +0 scale mail
 c - a +0 shield
 j - the +15 Maxwell's patent armour (worn) {-Cast -Tele rElec MR+ rCorr}
   (You found it in the Dungeon)

   It insulates you from electricity.
   It affects your resistance to hostile enchantments.
   It prevents spellcasting.
   It prevents most forms of teleportation.
   It provides partial protection from all sources of acid and corrosion.
 o - the +18 shield of the Gong (worn) {rElec rN+ MR+ EV-5}
   (You found it in the Dungeon)

   It affects your evasion (-5).
   It insulates you from electricity.
   It protects you from negative energy.
   It affects your resistance to hostile enchantments.
Jewellery
 z - a +6 ring of dexterity
 A - a +6 ring of dexterity
 B - a +6 ring of intelligence
 C - a +6 ring of intelligence
 D - a +6 ring of strength (left hand)
 E - a +6 ring of strength (right hand)
Wands
 w - a wand of disintegration (7)
 x - a wand of iceblast (7)
 y - a wand of acid (7)
Scrolls
 k - 4 scrolls of blinking
 q - 4 scrolls of amnesia
 r - 7 scrolls of fog
 s - a scroll of holy word
 t - 5 scrolls of identify
 u - 5 scrolls of remove curse
 v - 2 scrolls of fear
Potions
 d - 5 potions of might
 e - 8 potions of curing
 g - 8 potions of heal wounds
 i - 7 potions of magic
 l - 2 potions of brilliance
 m - a potion of invisibility
 n - 4 potions of resistance
 p - 4 potions of agility
Comestibles
 f - 7 rations


   Skills:
 + Level 5.2 Fighting
 + Level 4.5 Axes
 + Level 4.3 Armour
 - Level 9.1 Shields
 + Level 3.7 Spellcasting
 * Level 6.4 Invocations


You had 13 spell levels left.
You didn't know any spells.
Your spell library was empty.

Dungeon Overview and Level Annotations

Branches:
Dungeon (1/1)

Altars:
Ashenzari
Cheibriados
Dithmenos
Elyvilon
Fedhas
Gozag
Hepliaklqana
Kikubaaqudgha
Makhleb
Nemelex Xobeh
Okawaru
Qazlal
Ru
Sif Muna
Trog
Uskayaw
Vehumet
Wu Jian
Xom
Yredelemnul
Zin
The Shining One
Beogh
Jiyva
Lugonu

Annotations:
D 1 transporter


Innate Abilities, Weirdness & Mutations

You cannot wear boots.
Your serpentine skin is tough. (AC +2)
You have supernaturally acute eyesight. (SInv)
Armour fits poorly on your strangely shaped body.
Your system is resistant to poisons. (rPois)
You cover ground very slowly.
You have a slow metabolism.
You can spit poison.


Message History

Unknown command.
You slice Esuduara!!
Esuduara is heavily wounded.
You block Esuduara's attack.
BONNNG!
Esuduara hits you but does no damage.
Unknown command.
You carve Esuduara like a ham!!! You open a gate to Pandemonium!
A demon appears!
Esuduara is almost dead.
Esuduara gestures at you. The freezing blast engulfs you!!
* * * LOW HITPOINT WARNING * * *
Unknown command.
You feel better.
You are engulfed in freezing vapours.
Esuduara is engulfed in freezing vapours.
Esuduara gestures at you. The freezing blast engulfs you!!!
Ouch! That really hurt!
You die...

▓▓▓▓▓▓▓▓▓▓▓▓▓▓▓▓▓▓▓
▓.8©8.▓.8©8.▓.8©8.▓
▓.":).▓.=:}.▓.....▓
▓..}..▓.....▓.[.).▓
▓4....▓.....▓.....▓
▓○°○&.▓...†.▓.....▓
▓.☼@○.▓...†.▓..©..▓
▓.○○○.▓..©..▓▓▓▓▓▓▓
▓▓▓▓▓▓▓▓▓▓▓▓▓


You could see Esuduara and a friendly rust devil.

Vanquished Creatures
  A jumping spider (D)
  A water moccasin (D)
  2 scorpions (D)
  A shadow imp (D)
  A white imp (D)
  An ufetubus (D)
  A ball python (D)
8 creatures vanquished.

Notes
Turn   | Place    | Note
-------+----------+-------------------------------------------
     0 | D        | Found the +6 Majin-Bo {vamp, Archmagi MP+6 Int+6}
     0 | D        | Found the +7 great mace "Firestarter" {inner flame, rF++}
     0 | D        | nuthulu the Naga Fighter began the quest for the Orb.
     0 | D        | Reached XP level 1. HP: 21/21 MP: 1/1
     0 | D        | Found a deep blue altar of Sif Muna.
     0 | D        | Found a sacrificial altar of Ru.
     0 | D        | Found a bloodstained altar of Trog.
     0 | D        | Found a stormy altar of Qazlal.
     0 | D        | Found an iron altar of Okawaru.
     0 | D        | Found a sparkling altar of Nemelex Xobeh.
     0 | D        | Found a blossoming altar of Fedhas.
     2 | D        | Found a transporter.
     2 | D        | Found an ancient bone altar of Kikubaaqudgha.
     2 | D        | Found a viscous altar of Jiyva.
     2 | D        | Found a corrupted altar of Lugonu.
     2 | D        | Found a hazy altar of Hepliaklqana.
     2 | D        | Found a burning altar of Makhleb.
     2 | D        | Found an opulent altar of Gozag.
    19 | D        | Reached skill level 6 in Shields
    19 | D        | Reached XP level 2. HP: 28/28 MP: 2/2
    31 | D        | Became a worshipper of Cheibriados the Contemplative
    42 | D        | Found the +9 heavy crossbow "Sniper" {velocity, Acc+∞ SInv}
    42 | D        | Found the +10 dark maul {crush}
    42 | D        | Found the +15 Maxwell's patent armour {-Cast -Tele rElec
                  | MR+ rCorr}
    42 | D        | Found the +18 shield of the Gong {rElec rN+ MR+ EV-5}
    42 | D        | Found the cursed +14 obsidian axe {chop, +Fly SInv *Curse}
    69 | D        | Entered arena 2.
    69 | D        | Noticed a water moccasin
    69 | D        | Found a transporter.
    70 | D        | Killed a water moccasin
    70 | D        | Reached skill level 9 in Shields
    70 | D        | Reached XP level 3. HP: 34/34 MP: 3/3
    70 | D        | Reached XP level 4. HP: 42/42 MP: 4/4
    76 | D        | Entered arena 3.
    76 | D        | Noticed a jumping spider
    76 | D        | Found a transporter.
    79 | D        | Reached * piety under Cheibriados
    79 | D        | Reached skill level 1 in Spellcasting
    79 | D        | Reached XP level 5. HP: 38/49 MP: 4/7
    84 | D        | Killed a jumping spider
    84 | D        | Reached ** piety under Cheibriados
    84 | D        | Reached skill level 5 in Fighting
    84 | D        | Reached XP level 6. HP: 41/61 MP: 4/11
   178 | D        | Entered arena 4.
   178 | D        | Noticed Esuduara the pandemonium lord
   178 | D        | Found a transporter.
   187 | D        | Reached *** piety under Cheibriados
   187 | D        | Reached XP level 7. HP: 31/67 MP: 12/12
   193 | D        | Killed from afar by Esuduara the pandemonium lord

Skill      XL: |  1  2  3  4  5 |
---------------+----------------+-----
Shields        | 6 9 |  9.1
Armour         | 3 4 |  4.3
Spellcasting   | 1 3 |  3.7
Invocations    | 2 6 |  6.4
Axes           | 4 |  4.5
Fighting       | 5 |  5.2

Action                   |  1- 3 |  4- 6 |  7- 9 || total
-------------------------+-------+-------+-------++-------
Melee: Broad axe         |     1 |    10 |     4 ||    15
  Use: Potion            |     1 |     5 |     2 ||     8
 Stab: Invisible         |       |     1 |       ||     1
Armor: Plate armour      |       |    14 |     1 ||    15
Dodge: Dodged            |       |     3 |       ||     3
Block: Shield            |       |    29 |     6 ||    35
